 Dungeon Crawl Stone Soup version 0.29.0-15-g675c0067aa (webtiles) character file.

Game seed: 1334385239330341753

161 qw the Chopper (level 5, -10/32 HPs)
             Began as a Gargoyle Fighter on Sept 11, 2022.
             Mangled by a gnoll
             ... wielding a +0 halberd
              (11 damage)
             ... on level 2 of the Dungeon.
             The game lasted 00:00:48 (1926 turns).

qw the Chopper (Gargoyle Fighter)                   Turns: 1926, Time: 00:00:49

Health: -10/32     AC: 14    Str: 21    XL:     5   Next: 42%
Magic:  5/5        EV: 11    Int:  9    God:
Gold:   147        SH:  4    Dex:  9    Spells: 4/4 levels left

rFire   . . .      SeeInvis .   Y - +0 war axe
rCold   . . .      Faith    .   c - +0 buckler
rNeg    + . .      Spirit   .   f - +0 chain mail
rPois   inf        Reflect  .   (no helmet)
rElec   +          Harm     .   k - +0 cloak
rCorr   .          Rampage  .   (no gloves)
Will    .....                   (no boots)
Stlth   ..........              (no amulet)
HPRegen 0.10/turn               a - +4 ring of evasion
MPRegen 0.09/turn               (no ring)

@: no status effects
A: sickness immunity, AC +4, negative energy resistance 1, electricity
resistance, torment resistance 1, petrification resistance
a: no special abilities


You were on level 2 of the Dungeon.
You visited 1 branch of the dungeon, and saw 2 of its levels.

You collected 147 gold pieces.


Innate Abilities, Weirdness & Mutations

You are immune to sickness and miasma.
Your stone body is resilient. (AC +4)
You are immune to poison.
You resist negative energy. (rN+)
You are resistant to electric shocks. (rElec)
You are resistant to unholy torment.
You are immune to petrification.


   Skills:
 + Level 3.2 Fighting
 - Level 5.0 Axes
 - Level 3.2 Armour
 - Level 3.2 Shields


You had 4 spell levels left.
You didn't know any spells.
Your spell library was empty.

Inventory:

Hand Weapons
 e - a +0 club
 Y - a +0 war axe (weapon)
Armour
 c - a +0 buckler (worn)
 f - a +0 chain mail (worn)
 k - a +0 cloak (worn)
Jewellery
 a - a +4 ring of evasion (left hand)
Potions
 b - a potion of mutation {unknown}
 d - a potion of might
 g - a potion of curing {unknown}
 i - a potion of flight {unknown}
 j - a potion of attraction {unknown}

Dungeon Overview and Level Annotations

Branches:
Dungeon (2/15)

Altars:


Message History

You slash the gnoll!
You kill the gnoll!
You hit the gnoll. x2
The gnoll misses you.
The gnoll hits you from afar with a +0 halberd.
The gnoll hits you but does no damage. You block the gnoll's attack.
The gnoll misses you. The gnoll closely misses you.
You barely miss the gnoll.
The gnoll is heavily wounded.
You hit the gnoll. You block the gnoll's attack.
The gnoll completely misses you. The gnoll hits you with a +0 whip.
You closely miss the gnoll.
The gnoll is heavily wounded.
You hit the gnoll. The gnoll barely misses you.
The gnoll hits you but does no damage. x2
You completely miss the gnoll.
The gnoll is heavily wounded.
You barely miss the gnoll.
The gnoll hits you from afar with a +0 halberd!
The gnoll barely misses you. The gnoll hits you but does no damage.
You slash the gnoll!
You kill the gnoll!
You hit the gnoll. The gnoll barely misses you. You block the gnoll's attack.
You hit the gnoll.
You kill the gnoll!
The gnoll hits you from afar with a +0 halberd!
The gnoll barely misses you.
Your Axes skill increases to level 5!
The gnoll completely misses you.
Things that are here:
a +0 spear; a gnoll corpse You hit the gnoll.
The gnoll is lightly wounded.
You block the gnoll's attack.
You barely miss the gnoll.
The gnoll is lightly wounded.
The gnoll hits you with a +0 halberd!
You die...

.# ###.#
#.###........... .#
#.# #.# ###.........
#.# #.# ##........
#.# #.# #........
#.####.#### #........
#.#.......###........
#..........##.<......
#....)......#........
#...@)......#########
#....g......
##.........#
##...#..)## #########


You could see a gnoll.

Vanquished Creatures
  Natasha (twice) (D:2)
  3 gnolls (D:2)
  2 adders (D:2)
  2 worms (D:2)
  A dart slug (D:1)
  3 endoplasms
  2 giant cockroaches (D:1)
  5 goblins
  2 hobgoblins (D:2)
  7 jackals (D:1)
  6 kobolds
  4 quokkas
  5 ball pythons
  4 bats (D:1)
  A frilled lizard (D:1)
  7 rats (D:1)
56 creatures vanquished.

Notes
Turn   | Place    | Note
-------+----------+-------------------------------------------
     0 | D:1      | qw the Gargoyle Fighter began the quest for the Orb.
     0 | D:1      | Reached XP level 1. HP: 14/14 MP: 1/1
     0 | D:1      | 0 ||| qw: Version: 0.1-a-119-g272c26d
     0 | D:1      | 0 ||| qw: Game counter: 10700
     0 | D:1      | 0 ||| qw: Always use a shield: true
     0 | D:1      | 0 ||| qw: God list: Okawaru
     0 | D:1      | 0 ||| qw: Allow faded altars: false
     0 | D:1      | 0 ||| qw: Do Orc after D:15 true
     0 | D:1      | 0 ||| qw: Do second Lair branch before Depths: true
     0 | D:1      | 0 ||| qw: Lair rune preference: random
     0 | D:1      | 0 ||| qw: Plans: Normal, Zot, God:TSO, Crypt, Tomb, Pan,
                  | Slime, Hells, Zig, Abyss, Orb
     0 | D:1      | 0 ||| PLANNING D:1-11
    15 | D:1      | Reached skill level 2 in Axes
    28 | D:1      | 28 ||| Stepping ~*~*~tactically~*~*~ (stealth).
    34 | D:1      | Reached XP level 2. HP: 19/19 MP: 2/2
    38 | D:1      | Found a faded altar of an unknown god.
    40 | D:1      | 40 ||| Stepping ~*~*~tactically~*~*~ (stealth).
   200 | D:1      | 200 ||| Stepping ~*~*~tactically~*~*~ (hiding).
   397 | D:1      | 397 ||| Stepping ~*~*~tactically~*~*~ (stealth).
   408 | D:1      | 408 ||| Stepping ~*~*~tactically~*~*~ (stealth).
   426 | D:1      | Reached skill level 3 in Axes
   436 | D:1      | Reached XP level 3. HP: 21/23 MP: 3/3
   576 | D:1      | 576 ||| Stepping ~*~*~tactically~*~*~ (stealth).
  1139 | D:1      | 1139 ||| UPGRADING to +0 chain mail.
  1149 | D:1      | 1149 ||| DROPPING +0 scale mail.
  1150 | D:1      | 1150 ||| READING scroll labelled LONNOUNAMO.
  1404 | D:2      | 1404 ||| Stepping ~*~*~tactically~*~*~ (stealth).
  1405 | D:2      | 1405 ||| Stepping ~*~*~tactically~*~*~ (stealth).
  1424 | D:2      | Reached XP level 4. HP: 26/28 MP: 4/4
  1555 | D:2      | Noticed Natasha
  1569 | D:2      | Killed Natasha
  1570 | D:2      | Reached skill level 4 in Axes
  1766 | D:2      | Noticed Natasha
  1767 | D:2      | 1767 ||| FLEEEEING.
  1768 | D:2      | 1768 ||| FLEEEEING.
  1769 | D:2      | 1769 ||| FLEEEEING.
  1770 | D:2      | 1770 ||| FLEEEEING.
  1771 | D:2      | 1771 ||| FLEEEEING.
  1772 | D:2      | 1772 ||| FLEEEEING.
  1773 | D:2      | 1773 ||| FLEEEEING.
  1774 | D:2      | 1774 ||| FLEEEEING.
  1775 | D:2      | 1775 ||| FLEEEEING.
  1776 | D:2      | 1776 ||| STAIRDANCE
  1814 | D:1      | 1814 ||| UPGRADING to +0 cloak.
  1819 | D:1      | 1819 ||| UPGRADING to +4 ring of evasion.
  1820 | D:1      | 1820 ||| READING scroll labelled POWUSHR OFUK.
  1821 | D:1      | 1821 ||| READING scroll labelled GOHUELIT OGAN.
  1822 | D:1      | 1822 ||| READING scroll labelled PIUXOTASEN.
  1823 | D:1      | 1823 ||| READING scroll labelled RYFO ALOMO.
  1832 | D:2      | Killed Natasha
  1833 | D:2      | Reached XP level 5. HP: 29/32 MP: 5/5
  1921 | D:2      | HP: 7/32 [gnoll/+0 halberd (8)]
  1923 | D:2      | HP: 1/32 [gnoll/+0 halberd (7)]
  1924 | D:2      | Reached skill level 5 in Axes
  1926 | D:2      | Mangled by a gnoll

Levels and vault maps discovered:
D:1:      dpeg_arrival_ratfight, layout_basic,
          shapermc_ecumenical_altar_totnotflames
D:2:      layout_rooms, uniq_natasha

Skill      XL: |  1  2  3  4  5 |
---------------+----------------+-----
Axes           | 2 3 4 5 |  5.0
Fighting       | |  3.2
Armour         | |  3.2
Shields        | |  3.2

Action                   |  1- 3 |  4- 6 || total
-------------------------+-------+-------++-------
Melee: War axe           |   122 |    43 ||   165
  Use: Scroll            |     1 |     4 ||     5
Armor: Scale mail        |    49 |       ||    49
       Chain mail        |    12 |    16 ||    28
Dodge: Dodged            |    55 |    30 ||    85
Block: Buckler           |    21 |     9 ||    30

Table legend:
 A = Non-vault XP
 B = Vault XP
 C = Vault XP percentage of total XP
 D = Non-vault monster count
 E = Vault monster count
 F = Vault count percentage of total count
                 A         B        C        D         E       F
            +---------+---------+-------+---------+---------+-------
      Total |     191 |      40 |  17.3 |      50 |       6 |  10.7
            +---------+---------+-------+---------+---------+-------
        D:1 |      60 |       5 |   7.7 |      34 |       5 |  12.8
        D:2 |     131 |      35 |  21.1 |      16 |       1 |   5.9
            +---------+---------+-------+---------+---------+-------
